 Dungeon Crawl Stone Soup version 0.29.1-12-g30fa7ad0bf (webtiles) character file.

Game seed: 10833889069324855153

2037 GigaChad the Cleaver (level 9, -5/80 HPs)
             Began as a Minotaur Fighter on Dec 19, 2022.
             Was a Follower of Trog.
             Succumbed to a killer bee's poison
             ... on level 7 of the Dungeon.
             The game lasted 00:10:21 (6907 turns).

GigaChad the Cleaver (Minotaur Fighter)             Turns: 6907, Time: 00:10:22

Health: -5/80      AC: 13    Str: 25    XL:     9   Next: 4%
Magic:  8/8        EV:  8    Int:  5    God:    Trog [*.....]
Gold:   379        SH:  5    Dex: 10    Spells: 8/8 levels left

rFire   . . .      SeeInvis +   a - +0 war axe
rCold   . . .      Faith    .   c - +0 buckler
rNeg    + . .      Spirit   .   y - +0 plate armour
rPois   .          Reflect  .   (helmet restricted)
rElec   .          Harm     .   (no cloak)
rCorr   .          Rampage  .   (no gloves)
Will    .....                   (no boots)
Stlth   ..........              r - macabre finger necklace {rN+}
HPRegen 0.23/turn               v - ring of see invisible
MPRegen 0.11/turn               (no ring)
                                (no ring)

@: lethally poisoned (-5 -> -33)
A: horns 2, retaliatory headbutt
a: Renounce Religion, Berserk


You were on level 7 of the Dungeon.
You worshipped Trog.
Trog was aware of your devotion.
You visited 2 branches of the dungeon, and saw 8 of its levels.

You collected 379 gold pieces.

Inventory:

Hand Weapons
 a - a +0 war axe (weapon)
Armour
 b - a +0 scale mail
 c - a +0 buckler (worn)
 s - a +0 hat
 y - a +0 plate armour (worn)
Jewellery
 e - a ring of wizardry
 l - a ring of ice
 o - a ring of protection from fire
 q - a ring of positive energy
 r - the macabre finger necklace (around neck) {rN+}
   (You found it on level 3 of the Dungeon)

   [amulet of nothing]

   It enables you to equip an extra ring.
   rN:        It protects you from negative energy.
 v - a ring of see invisible (left hand)
 C - a ring of resist corrosion
 E - a ring of ice
Wands
 p - a wand of paralysis (10)
 B - a wand of flame (11)
Scrolls
 g - 4 scrolls of fog
 h - 2 scrolls of teleportation
 i - 5 scrolls of identify
 k - 2 scrolls of brand weapon {unknown}
 n - a scroll of vulnerability
 t - a scroll of torment {unknown}
 u - a scroll of immolation {unknown}
 z - a scroll of amnesia {unknown}
 A - a scroll of poison {unknown}
 F - a scroll of acquirement {unknown}
 G - a scroll of blinking
Potions
 d - 2 potions of might
 f - 2 potions of attraction {unknown}
 j - a potion of brilliance {unknown}
 m - 3 potions of degeneration {unknown}
 w - 2 potions of curing {unknown}
 x - a potion of haste {unknown}
 D - 4 potions of heal wounds {unknown}


   Skills:
 * Level 7.6 Fighting
 + Level 8.2 Axes
 + Level 6.6 Armour
 * Level 4.8 Dodging
 * Level 6.6 Shields


You had 8 spell levels left.
You didn't know any spells.
Your spell library contained the following spells:

 Spells                   Type           Power      Damage    Failure   Level
 Beastly Appendage        Tmut           0%         N/A       100%        1
 Sting                    Tmut/Pois      0%         1d3       100%        1
 Poisonous Vapours        Pois/Air       0%         N/A       100%        2
 Wereblood                Tmut           0%         N/A       100%        2
 Ignite Poison            Fire/Tmut/Pois 0%         N/A       100%        3
 Mephitic Cloud           Conj/Pois/Air  0%         N/A       100%        3
 Spider Form              Tmut/Pois      0%         N/A       100%        3
 Anguish                  Hex/Necr       0%         N/A       100%        4
 Olgreb's Toxic Radiance  Pois           0%         N/A       100%        4
 Freezing Cloud           Conj/Ice/Air   0%         6-21      100%        5
 Enfeeble                 Hex            0%         N/A       100%        7


Dungeon Overview and Level Annotations

Branches:
Dungeon (7/15)             Temple (1/1) D:4

Altars:
Cheibriados
Dithmenos
Elyvilon
Fedhas
Gozag
Hepliaklqana
Kikubaaqudgha
Makhleb
Okawaru
Qazlal
Sif Muna
Trog
Uskayaw
Vehumet
Wu Jian
Yredelemnul
Zin

Shops:
D:3 *   D:7 *


Innate Abilities, Weirdness & Mutations

You have a pair of horns on your head.
You reflexively headbutt those who attack you in melee.


Message History

Uppercase letters only, please.
You feel stronger. x2
As you read the scroll of teleportation, it crumbles to dust.
You feel strangely unstable.
You feel very sick. You block the killer bee's attack.
The killer bee stings you.
* * * LOW HITPOINT WARNING * * *
The killer bee stings you but does no damage. x4
You block the killer bee's attack.
The killer bee stings you but does no damage. x2
The killer bee stings you.
* * * LOW HITPOINT WARNING * * *
You are lethally poisoned!
The killer bee poisons you!
* * * LOW HITPOINT WARNING * * *
You feel very sick. The killer bee barely misses you.
The killer bee stings you but does no damage.
The killer bee closely misses you. You furiously retaliate!
You headbutt the killer bee. The killer bee stings you.
* * * LOW HITPOINT WARNING * * *
You are more poisoned.
The killer bee poisons you!
The killer bee stings you but does no damage.
The killer bee barely misses you. You furiously retaliate!
You headbutt the killer bee!
You kill the killer bee!
Trog accepts your kill.
The killer bee stings you but does no damage.
The killer bee attacks as you move away!
The killer bee barely misses you.
* * * LOW HITPOINT WARNING * * *
You feel very sick. The killer bee stings you.
* * * LOW HITPOINT WARNING * * *
You are more poisoned.
The killer bee poisons you!
The killer bee stings you but does no damage.
Your surroundings suddenly seem different.
You die...

#...###...####........
+............#.........
#............'........#
#............#........#
#............#........#
#...###..##..#........#
#...###..##..##.......#
#....+........#.......#
#....#........#.@.....#
y....# .... #.......#
#....# #.......# #....#
#.......'. ######
#.......#. ># ...#'####
.# ...#.. .# ....'...
[#


There were no monsters in sight!

Vanquished Creatures
  A water moccasin (D:5)
  An orc warrior (D:6)
  A black bear (D:5)
  3 ice beasts
  2 ogres
  A centaur (D:5)
  2 phantoms
  A bullfrog (D:6)
  A necrophage (D:6)
  2 scorpions
  2 killer bees (D:7)
  2 howler monkeys
  2 jellies (D:5)
  3 orc priests
  6 hounds
  3 iguanas
  Ijyb (D:5)
  3 gnolls
  9 adders
  A shadow imp (D:6)
  4 worms
  A dart slug (D:3)
  22 orcs
  5 ball pythons
  7 bats
  An endoplasm (D:3)
  4 giant cockroaches
  8 hobgoblins
  7 jackals
  5 quokkas
  2 frilled lizards
  8 goblins
  6 kobolds
  7 rats
134 creatures vanquished.

Vanquished Creatures (others)
  A demonic plant (D:1)
  A withered plant (D:1)
2 creatures vanquished.

Grand Total: 136 creatures vanquished

Notes
Turn   | Place    | Note
-------+----------+-------------------------------------------
     0 | D:1      | GigaChad the Minotaur Fighter began the quest for the Orb.
     0 | D:1      | Reached XP level 1. HP: 19/19 MP: 0/0
   136 | D:1      | Found a faded altar of an unknown god.
   199 | D:1      | Reached XP level 2. HP: 27/27 MP: 1/1
   751 | D:1      | Reached XP level 3. HP: 33/33 MP: 2/2
   867 | D:2      | Reached skill level 3 in Axes
  1179 | D:2      | Reached skill level 1 in Dodging
  1211 | D:2      | Reached XP level 4. HP: 41/41 MP: 3/3
  1416 | D:3      | Found Zin's Purification Station.
  1416 | D:3      | Found a glowing silver altar of Zin.
  1505 | D:3      | Found the macabre finger necklace {rN+}
  2502 | D:3      | Reached XP level 5. HP: 47/47 MP: 4/4
  2589 | D:4      | Reached skill level 4 in Axes
  2944 | D:4      | Found a staircase to the Ecumenical Temple.
  2969 | Temple   | Entered the Ecumenical Temple
  3019 | Temple   | Became a worshipper of Trog the Wrathful
  3121 | D:4      | Reached XP level 6. HP: 30/55 MP: 5/5
  3143 | D:4      | Reached skill level 5 in Fighting
  3143 | D:4      | Reached skill level 5 in Armour
  4105 | D:5      | Entered Level 5 of the Dungeon
  4118 | D:5      | Reached skill level 5 in Axes
  4135 | D:5      | Reached skill level 5 in Shields
  4135 | D:5      | Reached XP level 7. HP: 61/61 MP: 6/6
  4246 | D:5      | Noticed Ijyb
  4255 | D:5      | Killed Ijyb
  4378 | D:5      | Reached skill level 6 in Axes
  4889 | D:5      | Reached XP level 8. HP: 64/71 MP: 7/7
  5416 | D:6      | Reached skill level 7 in Axes
  5601 | D:6      | Reached * piety under Trog
  6477 | D:6      | Reached skill level 8 in Axes
  6671 | D:7      | Found Xishredae's Assorted Antiques.
  6904 | D:7      | Reached XP level 9. HP: 26/79 MP: 8/8
  6906 | D:7      | HP: 2/80 [killer bee (4)]
  6907 | D:7      | Succumbed to a killer bee's poison

Illustrated notes

Levels and vault maps discovered:
D:1:      ebering_hopf_link, layout_loops_ring, shapermc_ecumenical_altar_gd,
          minmay_misc_feat_iff, hangedman_abyss_or_decor_stabs,
          hangedman_decor_riveting, minmay_bisected
D:2:      layout_basic
D:3:      layout_basic, zin_purify, amcnicky_mini_corridor_feature
D:4:      layout_loops_ring, minmay_temple_entry_slanted, grunt_ministairs_7
D:5:      layout_basic, kennysheep_cluttered_room, minmay_misc_feat_cross,
          minmay_misc_feat_doors, uniq_ijyb
D:6:      layout_loops_cross
D:7:      layout_gridville, serial_shops, nicolae_stop_n_shop_1
Temple:   nicolae_temple_bog_church

Skill      XL: |  1  2  3  4  5  6  7  8 |
---------------+-------------------------+-----
Shields        | 4 5 6 |  6.6
Fighting       | 4 5 6 7 |  7.6
Axes           | 3 4 5 6 8 |  8.2
Armour         | 4 5 6 |  6.6
Dodging        | 1 2 3 4 |  4.8

Action                   |  1- 3 |  4- 6 |  7- 9 || total
-------------------------+-------+-------+-------++-------
Melee: War axe           |    81 |   121 |   159 ||   361
       Headbutt          |     6 |    22 |    29 ||    57
  Use: Scroll            |       |     4 |     1 ||     5
Armor: Scale mail        |    66 |    34 |       ||   100
       Plate armour      |       |    29 |   115 ||   144
Dodge: Dodged            |    54 |    49 |    72 ||   175
Block: Buckler           |    23 |    37 |    49 ||   109
